 Dungeon Crawl Stone Soup version 0.27.1-3-gb3d3a73c9e (webtiles) character file.

Game seed: 1342897438826535688

429 raph the Magician (level 7, -5/49 HPs)
             Began as a Djinni Hedge Wizard on Oct 17, 2021.
             Slain by a sixfirhy (10 damage)
             ... summoned by a kobold demonologist
             ... on level 6 of the Dungeon.
             The game lasted 00:11:05 (6891 turns).

raph the Magician (Djinni Hedge Wizard)             Turns: 6891, Time: 00:11:05

Health: -5/49      AC:  5    Str:  9    XL:     7   Next: 19%
Gold:   183        EV: 13    Int: 17    God:
                   SH:  0    Dex: 13

rFire    + + .     SeeInvis .   b - +0 dagger
rCold    x . .     Faith    .   (no shield)
rNeg     . . .     Spirit   .   e - +0 robe
rPois    ∞         Reflect  .   c - +2 hat
rElec    .         Harm     .   (no cloak)
rCorr    .         Rampage  .   p - +0 pair of gloves
Will     .....                  (boots unavailable)
Stlth    ++........             (no amulet)
HPRegen  0.16/turn              (no ring)
MPRegen  0.00/turn              (no ring)

@: flying
A: sickness immunity, fire resistance 2, cold vulnerability 1, float, innate
caster, hp casting, extra vitality 1
a: no special abilities


You were on level 6 of the Dungeon.
You visited 1 branch of the dungeon, and saw 6 of its levels.

You collected 183 gold pieces.

Inventory:

Hand Weapons
 b - a +0 dagger (weapon)
Missiles
 k - 18 poisoned darts
Armour
 c - a +2 hat (worn)
 e - a +0 robe (worn)
 p - a +0 pair of gloves (worn)
Magical Staves
 a - a staff of cold
Wands
 q - a wand of flame (18)
Scrolls
 f - 2 scrolls of amnesia {unknown}
 g - 2 scrolls of teleportation
 l - a scroll of vulnerability {unknown}
 n - a scroll of identify
Potions
 d - 4 potions of curing
 h - 3 potions of mutation
 i - a potion of flight {unknown}
 j - a potion of cancellation {unknown}
 m - a potion of berserk rage {unknown}
 o - a potion of degeneration {unknown}


   Skills:
 + Level 2.8 Fighting
 + Level 3.9 Dodging
 + Level 3.1 Stealth
 * Level 4.1 Spellcasting


You couldn't memorise any spells.
You knew the following spells:

 Your Spells              Type           Power      Damage    Failure   Level
a - Magic Dart            Conj           68%        1d6       3%          1
b - Blink                 Tloc           N/A        N/A       4%          2
c - Call Imp              Summ           17%        N/A       4%          2
d - Slow                  Hex            17%        N/A       4%          2
e - Conjure Flame         Conj/Fire      17%        6-21      9%          3
f - Mephitic Cloud        Conj/Pois/Air  17%        N/A       9%          3
g - Animate Skeleton      Necr           34%        N/A       3%          1
h - Corpse Rot            Necr/Air       N/A        N/A       4%          2
i - Wereblood             Tmut           17%        N/A       4%          2
Your spell library was empty.

Dungeon Overview and Level Annotations

Branches:
Dungeon (6/15)
 Temple: D:4-7

Altars:
Dithmenos
Okawaru
Trog

Annotations:
D:4 1 runed translucent door, othur's ghost, amateur GrFi
D:5 Eustachio


Innate Abilities, Weirdness & Mutations

You are immune to sickness and miasma.
You are immune to poison.
Your flesh is very heat resistant. (rF++)
You are vulnerable to cold. (rC-)
You float through the air rather than walking.
You learn spells naturally, not from books.
Your magical power is your life essence.
You have superior vitality. (+4 HP)


Message History

The quasit bites your shadow imp.
The quasit barely misses your shadow imp.
The quasit closely misses your shadow imp.
The kobold demonologist is engulfed in noxious fumes.
The kobold demonologist appears confused.
The kobold demonologist closely misses the sixfirhy.
The quasit barely misses your shadow imp.
The quasit claws your shadow imp but does no damage.
The quasit closely misses your shadow imp. x2
The quasit claws your shadow imp but does no damage.
The quasit claws your shadow imp.
Your shadow imp hits the quasit.
The kobold demonologist is engulfed in noxious fumes.
The kobold demonologist appears confused.
The kobold demonologist hits the sixfirhy with a +0 dagger.
The kobold demonologist barely misses itself.
The quasit bites your shadow imp but does no damage.
The quasit claws your shadow imp. x2
Something barely misses your shadow imp.
Something claws your shadow imp but does no damage. x2
Your shadow imp hits the quasit.
The sixfirhy barely misses you.
The quasit barely misses your shadow imp.
The quasit closely misses your shadow imp.
The quasit completely misses your shadow imp.
Something bites your shadow imp.
Something claws your shadow imp but does no damage.
Something closely misses your shadow imp.
The sixfirhy hits you but does no damage.
Your shadow imp closely misses the quasit.
Aiming: Magic Dart (safe; 3% risk of failure)
Press: ? - help, Q - select action, (/) - cycle Shift-Dir - straight line, f/p - kobold demonologist
Aim: a kobold demonologist, wielding a +0 dagger and wearing a +0 robe (heavily wounded, confused, 100% to hit)
The magic dart hits the kobold demonologist but does no damage.
The kobold demonologist is heavily wounded.
The sixfirhy hits you! The sixfirhy shocks you! The sixfirhy hits you.
* * * LOW HITPOINT WARNING * * *
The sixfirhy shocks you!
* * * LOW HITPOINT WARNING * * *
The sixfirhy hits you!
You die...

..#.. #.#....#.##....#
......#.#.####.##....#
......#......#.##....# ###
...#..###.##.#.##....# ...
...........#.#.#.....#
###.####.....####.# #.....#
..... #..........#.#.....#
####.#.#########.....#.....##
...........3@<##.#####.......
.>............>..............
........K....................
#######5########..........###
.....555# #..........+ .
######.## #..........#.. #..
#..........#.# ....
#..........#.. #....
#......#+###._


You could see a kobold demonologist (confused), a sixfirhy (summoned), a quasit
(summoned, ally target), a white imp (summoned) and a friendly shadow imp
(summoned).

Vanquished Creatures
  A centaur (D:6)
  A scorpion (D:4)
  An orc wizard (D:2)
  An iguana (D:5)
  3 adders
  2 gnolls (D:5)
  A worm (D:3)
  2 dart slugs
  2 orcs (D:4)
  4 ball pythons
  A bat (D:1)
  2 endoplasms
  3 giant cockroaches
  5 goblins
  2 hobgoblins
  5 kobolds
  3 quokkas
  3 frilled lizards (D:1)
  5 rats
47 creatures vanquished.

Vanquished Creatures (collateral kills)
  An ice beast (D:6)
  A sky beast (D:5)
  A bullfrog skeleton (D:4)
  An orc priest (D:3)
  A gnoll (D:5)
  An adder (D:2)
  3 worms
  5 orcs
  An endoplasm (D:2)
  A goblin (D:1)
  6 jackals
  A rat (D:2)
23 creatures vanquished.

Grand Total: 70 creatures vanquished

Notes
Turn   | Place    | Note
-------+----------+-------------------------------------------
     0 | D:1      | raph the Djinni Hedge Wizard began the quest for the Orb.
     0 | D:1      | Reached XP level 1. HP: 15/15 MP: 0/0
    99 | D:1      | Found a faded altar of an unknown god.
   386 | D:1      | Reached XP level 2. HP: 18/22 MP: 0/0
   967 | D:1      | Reached XP level 3. HP: 24/26 MP: 0/0
   967 | D:1      | Learned a level 1 spell: Animate Skeleton
  1487 | D:2      | Reached skill level 1 in Fighting
  1746 | D:2      | Found an iron altar of Okawaru.
  2395 | D:3      | Reached XP level 4. HP: 29/32 MP: 0/0
  2507 | D:3      | Reached skill level 3 in Spellcasting
  3509 | D:3      | You are sucked into a shaft and drop 1 floor!
  3521 | D:4      | Reached XP level 5. HP: 27/37 MP: 0/0
  3521 | D:4      | Learned a level 2 spell: Corpse Rot
  4523 | D:4      | Found a bloodstained altar of Trog.
  4550 | D:4      | Reached XP level 6. HP: 19/43 MP: 0/0
  4740 | D:4      | Found a runed translucent door.
  4741 | D:4      | Noticed a steam dragon
  4742 | D:4      | Noticed othur's ghost (amateur GrFi)
  5860 | D:5      | Entered Level 5 of the Dungeon
  6163 | D:5      | Noticed a sky beast
  6170 | D:5      | Killed a sky beast
  6266 | D:5      | Noticed Eustachio
  6496 | D:6      | Found a shadowy altar of Dithmenos.
  6506 | D:6      | Noticed an ice beast
  6519 | D:6      | Killed an ice beast
  6520 | D:6      | Reached skill level 4 in Spellcasting
  6520 | D:6      | Reached XP level 7. HP: 40/49 MP: 0/0
  6520 | D:6      | Learned a level 2 spell: Wereblood
  6873 | D:6      | Noticed a kobold demonologist
  6882 | D:6      | Noticed a sixfirhy
  6891 | D:6      | Slain by a sixfirhy

Illustrated notes

Levels and vault maps discovered:
D:1:      lightli_arrival_statue_moat, layout_rooms, basic_ecumenical_altar,
          solitary_fountain
D:2:      layout_basic, basic_altar
D:3:      layout_basic, minmay_misc_feat_pillars, chequers_jeans
D:4:      layout_basic, kennysheep_mini, ebering_ghost_inner_flame
D:5:      layout_basic, uniq_eustachio
D:6:      minmay_opposing_rooms, layout_basic, mainiacjoe_overflow_tiny_flanked

Skill      XL: |  1  2  3  4  5  6 |
---------------+-------------------+-----
Fighting       | 1 2 |  2.8
Stealth        | 2 3 |  3.1
Spellcasting   | 3 4 |  4.1
Dodging        | 3 |  3.9

Action                   |  1- 3 |  4- 6 |  7- 9 || total
-------------------------+-------+-------+-------++-------
Melee: Dagger            |     2 |    26 |     1 ||    29
       Staff             |       |    19 |       ||    19
 Cast: Magic Dart        |    64 |    94 |     7 ||   165
       Call Imp          |     8 |    22 |     6 ||    36
       Animate Skeleton  |     2 |       |       ||     2
       Conjure Flame     |     1 |     1 |       ||     2
       Blink             |       |     3 |       ||     3
       Mephitic Cloud    |       |     1 |     1 ||     2
  Use: Scroll            |     5 |     1 |       ||     6
 Stab: Sleeping          |     1 |     2 |       ||     3
       Distracted        |       |     1 |       ||     1
Armor: Robe              |     2 |    20 |    11 ||    33
Dodge: Dodged            |     7 |    49 |    12 ||    68
